 Dungeon Crawl Stone Soup version 0.24-a0-218-ga595e75 (console) character file.

Game seed: 12275885873388371399

299 bli the Poker (level 6, -7/49 HPs)
             Began as a Formicid Abyssal Knight on Mar 30, 2019.
             Was a Believer of Lugonu.
             Mangled by an ogre
             ... wielding a +0 giant club
              (12 damage)
             ... on level 4 of the Dungeon.
             The game lasted 00:20:19 (3547 turns).

bli the Poker (Formicid Abyssal Knight)             Turns: 3547, Time: 00:20:20

Health: -7/49      AC:  6    Str: 19    XL:     6   Next: 63%
Magic:  7/7        EV:  8    Int: 11    God:    Lugonu [**....]
Gold:   173        SH:  7    Dex: 13    Spells: 5/5 levels left

rFire    . . .     SeeInvis +   a - +1 spear
rCold    . . .     Gourm    .   J - +0 shield (curse)
rNeg     . . .     Faith    .   F - +0 ring mail
rPois    .         Spirit   .   (helmet unavailable)
rElec    .         Reflect  .   (no cloak)
rCorr    .         Harm     .   m - +0 pair of gloves
MR       .....                  (no boots)
Stlth    ..........             (no amulet)
HPRegen  0.16/turn              f - ring of attention (curse)
MPRegen  0.10/turn              z - +3 ring of dexterity

@: lethally poisoned (-7 -> -8)
A: permanent stasis, dig shafts and tunnels, four strong arms, antennae 3
a: Dig, Shaft Self, Depart the Abyss, Bend Space, Renounce Religion


You were on level 4 of the Dungeon.
You worshipped Lugonu.
Lugonu was pleased with you.
You were very hungry.

You visited 1 branch of the dungeon, and saw 4 of its levels.
You visited the Abyss 1 time.

You collected 173 gold pieces.

Inventory:

Hand Weapons
 a - a +1 spear (weapon)
 b - a +0 hunting sling
 c - a +0 blowgun
 G - a cursed -3 flail
Missiles
 g - 2 curare-tipped needles
 i - 253 stones (quivered)
 B - 23 poisoned needles
 C - 13 sling bullets
Armour
 e - a +0 chain mail of cold resistance
 m - a +0 pair of gloves (worn)
 y - a +0 leather armour
 F - a +0 ring mail (worn)
 J - a cursed +0 shield (worn)
Jewellery
 f - a cursed ring of attention (left hand)
 v - an uncursed ring of stealth
 z - a +3 ring of dexterity (right hand)
Scrolls
 d - a scroll of magic mapping {unknown}
 j - 4 scrolls of remove curse {unknown}
 k - a scroll of noise {unknown}
 n - 3 scrolls of teleportation {unknown}
 o - a scroll of fear {unknown}
 p - 6 scrolls of identify {unknown}
 q - 2 scrolls of random uselessness {unknown}
 r - a scroll of enchant armour {unknown}
 s - a scroll of immolation {unknown}
 u - a scroll of blinking {unknown}
 x - 2 scrolls of enchant weapon {unknown}
 E - a scroll of amnesia {unknown}
Potions
 h - a potion of magic {unknown}
 l - a potion of haste {unknown}
 t - a potion of ambrosia {unknown}
 w - a potion of brilliance {unknown}
 A - a potion of heal wounds
 D - 2 potions of curing {unknown}
 I - a potion of degeneration {unknown}
Comestibles
 H - 6 rations


   Skills:
 * Level 4.5 Fighting
 * Level 4.9 Polearms
 * Level 3.6 Armour
 + Level 1.3 Dodging
 * Level 0.5 Shields
 + Level 2.1 Invocations


You had 5 spell levels left.
You didn't know any spells.
Your spell library contained the following spells:

 Spells                   Type           Power        Failure   Level  Hunger
 Confusing Touch          Hex            #.....       98%         1    ##.....
 Magic Dart               Conj           #...         98%         1    ##.....
 Call Imp                 Summ           #.......     99%         2    ###....
 Slow                     Hex            #.......     99%         2    ###....
 Confuse                  Hex            #.......     100%        3    ####...
 Conjure Flame            Conj/Fire      #.......     100%        3    ####...
 Gell's Gravitas          Tloc           #.........   100%        3    ####...
 Mephitic Cloud           Conj/Pois/Air  #.......     100%        3    ####...
 Petrify                  Tmut/Erth      #.......     100%        4    #####..
 Metabolic Englaciation   Hex/Ice        #.........   100%        5    ######.
 Yara's Violent Unravell  Hex/Tmut       #.........   100%        5    ######.
 Blink                    Tloc           Unusable     N/A         2    N/A

Dungeon Overview and Level Annotations

Branches:
Dungeon (4/15)
 Temple: D:4-7

Altars:
Ashenzari
Cheibriados
Dithmenos
Elyvilon
Fedhas
Gozag
Nemelex Xobeh
Ru
Trog
Wu Jian
Xom
Yredelemnul


Innate Abilities, Weirdness & Mutations

You cannot be hasted, slowed, berserked, paralysed or teleported.
You can dig through walls and to a lower floor.
Your four strong arms can wield two-handed weapons with a shield.
You have a pair of large antennae on your head. (SInv)


Message History

You feel sick.
Firing (i - inventory. (/) - cycle)
i - 255 stones (quivered)
Press: ? - help, Shift-Dir - straight line, f/p - ogre
Aim: an ogre, wielding a +0 giant club You shoot a stone.
The stone hits the ogre.
The ogre is lightly wounded.
Firing (i - inventory. (/) - cycle)
i - 254 stones (quivered)
Press: ? - help, Shift-Dir - straight line, f/p - ogre
Aim: an ogre, wielding a +0 giant club (lightly wounded)
You shoot a stone.
The stone hits the ogre but does no damage.
The ogre is lightly wounded.
You feel sick.
a - a +1 spear (weapon)
You feel sick. The ogre hits you with a +0 giant club!
* * * LOW HITPOINT WARNING * * *
You hit the ogre but do no damage.
The ogre is lightly wounded.
The ogre hits you with a +0 giant club!
You die...

##.##.#{# ...#..###
##.#.##.#.## ..... ##
##.#.#.##.#.## #..###.
##.#.#.#.##.#.## #.....
##.#.##..#.##(#.### ##...#
##.#.##..#.##.#.##.## #...#
##.#.##.[#.##.#.##...###....
##.#.##.#(.##(#.##.#.........
#.#.##.#..##.#.##.#.####..###
#.#.##.#..##O#.##.#.#####..#
##.#.##.#.#.#@##.#.##..#...##
##.#.##.#.#.##.#.###...##..##
##.#.##.#.##.#.## #..####..#
##.#.##.##.#.## #..# ##..
##.#.###.#.## ###..# ##.
###.#.#.#.#####...## ##
##.##.#.#.##.......# #
##..###.#.########### #
##..## ##.## ## ##..## ###
##. ##..## #.# ##..


You could see an ogre.

Vanquished Creatures
  An ogre (D:3)
  A jelly (D:4)
  A centaur skeleton (D:4)
  Terence (D:2)
  2 worker ants (D:4)
  An adder (D:3)
  3 oozes
  5 worms
  2 dart slugs
  2 leopard geckos (D:3)
  An orc (D:3)
  A ball python (D:3)
  2 giant cockroaches
  5 goblins
  4 hobgoblins
  A jackal (D:4)
  4 bats
  3 frilled lizards (D:1)
  12 kobolds
  7 rats
59 creatures vanquished.

Notes
Turn   | Place    | Note
-------+----------+-------------------------------------------
     0 | Abyss:1  | bli the Formicid Abyssal Knight began the quest for the
                  | Orb.
     0 | Abyss:1  | Reached XP level 1. HP: 18/18 MP: 2/2
   124 | Abyss:1  | Found a deep blue altar of Sif Muna.
   166 | Abyss:2  | Noticed an ancient zyme
   178 | D:1      | Escaped the Abyss
   472 | D:1      | Reached XP level 2. HP: 24/24 MP: 3/3
   529 | D:1      | Reached * piety under Lugonu
   967 | D:1      | Reached skill level 1 in Dodging
   967 | D:1      | Reached XP level 3. HP: 30/30 MP: 4/4
  1749 | D:2      | Noticed Terence
  1773 | D:2      | Killed Terence
  1773 | D:2      | Reached XP level 4. HP: 23/37 MP: 5/5
  1816 | D:2      | Found a blossoming altar of Fedhas.
  2120 | D:2      | Found an ornate altar of the Wu Jian Council.
  2120 | D:2      | Found a sacrificial altar of Ru.
  2152 | D:3      | Noticed an ogre
  2167 | D:3      | Killed an ogre
  2167 | D:3      | Reached XP level 5. HP: 19/42 MP: 6/6
  2544 | D:3      | Found a basalt altar of Yredelemnul.
  2544 | D:3      | Found a snail-covered altar of Cheibriados.
  2555 | D:3      | Found a shadowy altar of Dithmenos.
  2556 | D:3      | Found a white marble altar of Elyvilon.
  2556 | D:3      | Found a sparkling altar of Nemelex Xobeh.
  2557 | D:3      | Found a shimmering altar of Xom.
  2558 | D:3      | Found a shattered altar of Ashenzari.
  2560 | D:3      | Found an opulent altar of Gozag.
  3005 | D:4      | Reached ** piety under Lugonu
  3005 | D:4      | Reached XP level 6. HP: 45/49 MP: 7/7
  3044 | D:4      | Found a bloodstained altar of Trog.
  3531 | D:4      | Noticed an ogre
  3547 | D:4      | Mangled by an ogre

Levels and vault maps discovered:
D:1:      wander_arrival_desolate, layout_basic
D:2:      layout_basic, lemuel_round_altar, gammafunk_temple_overflow_wave,
          uniq_terence
D:3:      layout_basic, minitemple
D:4:      minmay_inner_zag, layout_layer_cave, first_ration,
          trog_three_pillars_becter
Abyss:1
Abyss:2:  abyss_furniture_001

Skill      XL: |  1  2  3  4 |
---------------+-------------+-----
Dodging        | 1 |  1.3
Polearms       | 3 4 |  4.9
Fighting       | 4 |  4.5
Armour         | 3 |  3.6
Shields        | |  0.5
Invocations    | |  2.1

Action                   |  1- 3 |  4- 6 || total
-------------------------+-------+-------++-------
Melee: Spear             |   135 |   149 ||   284
 Fire: Hunting sling     |       |     7 ||     7
Throw: Stone             |     1 |     3 ||     4
Invok: Depart the Abyss  |     1 |       ||     1
  Use: Potion            |       |     1 ||     1
  Eat: Chunk             |     3 |     4 ||     7
Armor: Leather armour    |    18 |       ||    18
       Chain mail        |    15 |    30 ||    45
       Ring mail         |       |    18 ||    18
Dodge: Dodged            |    33 |    41 ||    74
Block: Shield            |       |    13 ||    13

Table legend:
 A = Non-vault XP
 B = Vault XP
 C = Vault XP percentage of total XP
 D = Non-vault monster count
 E = Vault monster count
 F = Vault count percentage of total count
                 A         B        C        D         E       F
            +---------+---------+-------+---------+---------+-------
      Total |     317 |     111 |  25.9 |      54 |       5 |   8.5
            +---------+---------+-------+---------+---------+-------
        D:1 |      36 |       0 |   0.0 |      21 |       0 |   0.0
        D:2 |      28 |      36 |  56.2 |       8 |       1 |  11.1
        D:3 |     167 |       0 |   0.0 |      22 |       0 |   0.0
        D:4 |      86 |      75 |  46.6 |       3 |       4 |  57.1
            +---------+---------+-------+---------+---------+-------
